 Dungeon Sprint DCSS version 0.19.1 (webtiles) character file.

60 equalderp2856 the Gouger (level 3, -8/19 HPs)
             Began as a Felid Fighter on Dec 20, 2016.
             Was an Initiate of Fedhas.
             Killed from afar by Erolcha (15 damage)
             ... with an orb of energy
             ... in the Dungeon (Sprint IX: "|||||||||||||||||||||||||||||").
             The game lasted 00:01:21 (662 turns).

equalderp2856 the Gouger (Felid Fighter)             Turns: 662, Time: 00:01:22

Health: -8/19      AC:  1    Str: 16    XL:     3   Next: 82%
Magic:  4/4        EV: 22    Int:  9    God:    Fedhas [......]
Gold:   0          SH:  0    Dex: 18    Spells: 0 memorised, 2 levels left
                                        Lives:  0   Deaths: 1

rFire  . . .     SeeInvis +       - Unarmed
rCold  . . .     Gourm    .     (armour unavailable)
rNeg   . . .     Faith    .     (shield unavailable)
rPois  .         Spirit   .     (helmet unavailable)
rElec  .         Reflect  .     (cloak unavailable)
rCorr  .         Harm     .     (gloves unavailable)
MR     .....     NoTele   +     (boots unavailable)
Stlth  ++........               (no amulet)
                                n - +3 ring of strength
                                m - +3 ring of dexterity

@: quick
A: no armour, no weapons or thrown items, stealth, claws 1, fangs 3, see
invisible, carnivore 3, speed 1, shaggy fur 1, slow metabolism 1, sharp paws
a: Fungal Bloom, Renounce Religion


You were in the Dungeon.
You worshipped Fedhas.
Fedhas was noncommittal.
You were not hungry.

You visited 1 branch

Inventory:

Jewellery
 m - a +3 ring of dexterity (left paw)
 n - a +3 ring of strength (right paw)
Wands
 l - a wand of lightning (7/15)
Scrolls
 h - 2 scrolls of blinking
 j - 3 scrolls of remove curse
 k - 2 scrolls of amnesia
Potions
 a - a potion of might
 c - a potion of invisibility
 d - 2 potions of heal wounds
 e - a potion of haste
 f - 4 potions of magic
 g - a potion of berserk rage
 i - 4 potions of curing
Comestibles
 b - a meat ration


   Skills:
 + Level 5.0 Fighting
 + Level 6.6 Dodging
 + Level 8.8 Unarmed Combat


You had 2 spell levels left.
You didn't know any spells.

Dungeon Overview and Level Annotations

Branches:
Dungeon (1/1)

Altars:
Cheibriados
Dithmenos
Elyvilon
Fedhas
Gozag
Hepliaklqana
Kikubaaqudgha
Makhleb
Nemelex Xobeh
Okawaru
Qazlal
Ru
Sif Muna
Trog
Uskayaw
Vehumet
Xom
Yredelemnul
Zin
The Shining One
Beogh
Jiyva
Lugonu

Annotations:
D Erolcha


Innate Abilities, Weirdness & Mutations

You cannot wear armour.
You are incapable of wielding weapons or throwing items.
Your paws allow you to move quietly. (Stealth)
You have sharp claws.
You have razor-sharp teeth.
You have supernaturally acute eyesight. (SInv)
You are carnivorous and can eat meat at any time.
You cover ground quickly.
You are covered in fur. (AC +1)
You have a slow metabolism.
Your sharp claws are effective at attacking unaware monsters.


Message History

HP restored.
There is an open door to the Dungeon, spattered with blood here.
You see here a club.
The orc warrior shouts!
The orc warrior hits you from afar with a glaive!
The orc warrior hits you with a glaive!
Ouch! That really hurt!
You die...
You are now level 3!
You rejoin the land of the living...
Erolcha the Cunning comes into view.
She is wielding a giant club.
Erolcha shouts!
Erolcha points at you and mumbles some strange words.
The fireball explodes!
The fireball engulfs you!
Ouch! That really hurt!
Erolcha points at you and mumbles some strange words.
The orb of energy hits you!
Ouch! That really hurt!
You die...
Fedhas appreciates your contribution to the ecosystem.

▓▓▓▓▓▓▓▓▓▓▓▓▓▓▓▓▓▓▓▓▓▓▓▓▓▓▓▓▓▓▓▓▓
_______o______________'....o)....
▓▓▓▓▓▓▓▓▓▓▓▓▓▓▓▓▓▓▓▓▓▓▓▓▓▓▓▓▓▓▓▓▓
▓▓▓▓▓▓▓▓▓▓▓▓▓▓▓▓▓▓▓▓▓▓▓▓
...O...@................
▓▓▓▓▓▓▓▓▓▓▓▓▓▓▓▓▓▓▓▓▓▓▓▓ ......
▓▓▓▓▓▓


You could see Erolcha.

Vanquished Creatures
  A scorpion (D)
  A crimson imp (D)
  A worker ant (D)
  An adder (D)
  An orc (D)
  A goblin (D)
  2 hobgoblins (D)
  A bat (D)
  A rat (D)
10 creatures vanquished.

Notes
Turn   | Place    | Note
-------+----------+-------------------------------------------
     0 | D        | equalderp2856 the Felid Fighter began the quest for the Orb.
     0 | D        | Reached XP level 1. HP: 10/10 MP: 2/2
    23 | D        | Noticed a crimson imp
    23 | D        | Noticed a worker ant
    23 | D        | Noticed a scorpion
    38 | D        | Killed a scorpion
    38 | D        | Reached skill level 5 in Dodging
    38 | D        | Reached skill level 7 in Unarmed Combat
    38 | D        | Reached XP level 2. HP: 10/15 MP: 3/3
    38 | D        | Reached XP level 3. HP: 12/18 MP: 4/4
    49 | D        | Reached XP level 4. HP: 11/22 MP: 5/5
    58 | D        | Reached skill level 8 in Unarmed Combat
    60 | D        | Reached skill level 5 in Fighting
   332 | D        | Found a roughly hewn altar of Beogh.
   332 | D        | Found a snail-covered altar of Cheibriados.
   332 | D        | Found a shadowy altar of Dithmenos.
   332 | D        | Found a white marble altar of Elyvilon.
   332 | D        | Found a blossoming altar of Fedhas.
   332 | D        | Found an opulent altar of Gozag.
   333 | D        | Found a hazy altar of Hepliaklqana.
   334 | D        | Found a viscous altar of Jiyva.
   335 | D        | Found an ancient bone altar of Kikubaaqudgha.
   336 | D        | Found a corrupted altar of Lugonu.
   337 | D        | Found a burning altar of Makhleb.
   338 | D        | Found a sparkling altar of Nemelex Xobeh.
   339 | D        | Found an iron altar of Okawaru.
   340 | D        | Found a stormy altar of Qazlal.
   341 | D        | Found a sacrificial altar of Ru.
   342 | D        | Found a deep blue altar of Sif Muna.
   343 | D        | Found a bloodstained altar of Trog.
   349 | D        | Became a worshipper of Fedhas Madash
   355 | D        | Found a hide-covered altar of Uskayaw.
   356 | D        | Found a radiant altar of Vehumet.
   357 | D        | Found a shimmering altar of Xom.
   358 | D        | Found a basalt altar of Yredelemnul.
   359 | D        | Found a glowing silver altar of Zin.
   360 | D        | Found a glowing golden altar of the Shining One.
   387 | D        | Noticed a gargoyle
   387 | D        | Noticed a bullfrog
   387 | D        | Noticed an orc warrior
   633 | D        | Slain by an orc warrior
   634 | D        | Reached XP level 3. HP: -4/19 MP: 4/4
   660 | D        | Noticed Erolcha
   662 | D        | Killed from afar by Erolcha

Skill      XL: |  1  2  3  4 |
---------------+-------------+-----
Fighting       | 4 5 |  5.0
Dodging        | 5 6 |  6.6
Unarmed Combat | 7 8 |  8.8

Action                   |  1- 3 |  4- 6 || total
-------------------------+-------+-------++-------
Melee: Unarmed           |    36 |    10 ||    46
       Bite              |     7 |       ||     7
  Use: Potion            |     2 |       ||     2
Armor: Skin              |     1 |       ||     1
Dodge: Dodged            |    25 |     4 ||    29
